AoeStats
← CursedDice

Arena

507361635Analyzed
1v1 RM · 15d ago on Sep 17, 2026· 53m 16s· 2 players
Game mode
Random Map
Map size
Tiny (2 player)
Population
200
Speed
Normal
Resources
Standard
Victory
Conquest
Starting age
Dark Age
Ending age
Imperial Age
RankedLock teamsTeams togetherTeam positionsShared explorationLock speedFull tech treeHidden civsTurbo modeCheats
Victory
Defeat
🇪🇸 Malay · Spain
814
+17
🇬🇧 Bohemians · United Kingdom
845
-32
CursedDice
0:31 Loom
3:28 Loom
11:24 Feudal Age
17:09 Castle Age
15:40 Double-Bit Axe
15:42 Horse Collar
17:36 Husbandry
24:19 Scale Barding Armor
25:31 Forging
27:34 Wheelbarrow
28:44 Iron Casting
34:15 Imperial Age
34:48 Fletching
36:12 Chemistry
36:02 Conscription
36:17 Bow Saw
36:10 Heavy Plow
38:52 Forced Levy
39:26 Squires
39:12 Arson
38:48 Man-at-Arms
38:59 Man-at-Arms
39:31 Long Swordsman
40:44 Two-Handed Swordsman
45:12 Elite Skirmisher
45:58 Thumb Ring
48:37 Elite Battle Elephant
52:27 Blast Furnace
51:23 Bodkin Arrow
51:29 Padded Archer Armor
51:46 Siege Engineers
52:03 Ballistics
51:39 Murder Holes
51:55 Masonry
HeySon22
10:37 Feudal Age
13:14 Horse Collar
15:51 Castle Age
14:08 Horse Collar
14:33 Double-Bit Axe
17:02 Heavy Plow
16:55 Loom
24:16 Bow Saw
29:24 Pikeman
33:45 Forging
39:20 Chemistry
44:18 Fletching
Connection lost

Rejoining the realm…

Still unreachable

The connection could not be restored.

Session expired

The server has moved on; the page needs a fresh start.